 Dungeon Crawl Stone Soup version 0.26.0-45-g9c1d065592 (webtiles) character file.

Game seed: 13570808471074767060

348 Eurus the Insei (level 6, -2/70 HPs)
             Began as a Draconian Transmuter on Jan 31, 2021.
             Slain by a killer bee (7 damage)
             ... on level 3 of the Dungeon.
             The game lasted 00:06:26 (2857 turns).

Eurus the Insei (Draconian Transmuter)              Turns: 2857, Time: 00:06:27

Health: -2/70      AC:  6    Str: 13    XL:     6   Next: 33%
Magic:  9/11       EV: 12    Int: 13    God:
Gold:   77         SH:  0    Dex: 13    Spells: 8/11 levels left

rFire    . . .     SeeInvis .     - Unarmed
rCold    . . .     Faith    .   (no shield)
rNeg     . . .     Spirit   .   (armour unavailable)
rPois    .         Reflect  .   (helmet currently unavailable)
rElec    .         Harm     .   (no cloak)
rCorr    .         Rampage  .   (no gloves)
Will     .....                  (boots currently unavailable)
Stlth    ..........             (no amulet)
HPRegen  0.21/turn              (no ring)
MPRegen  0.12/turn              (no ring)

@: berserking, lethally poisoned (-2 -> -3), appendages (expiring), wereblooded,
flying, very quick
A: unfitting armour, horns 2, talons 2, cold-blooded, AC +6
a: End Transformation


You were on level 3 of the Dungeon.
You had grown temporary horns.
You had grown temporary talons.
You visited 1 branch of the dungeon, and saw 3 of its levels.

You collected 77 gold pieces.

Inventory:

Jewellery
 k - an uncursed ring of poison resistance {unknown}
Scrolls
 g - 2 scrolls of identify {unknown}
 h - a scroll of teleportation {unknown}
 i - a scroll of remove curse {unknown}
 l - a scroll of immolation {unknown}
 m - a scroll of enchant weapon {unknown}
Potions
 b - a potion of attraction {unknown}
 c - a potion of flight
 d - 2 potions of haste {unknown}
 e - 3 potions of degeneration {unknown}
 f - 2 potions of mutation {unknown}
 j - a potion of might {unknown}
 n - a potion of lignification {unknown}
 o - a potion of heal wounds {unknown}


   Skills:
 + Level 1.3 Fighting
 + Level 1.9 Dodging
 + Level 5.4 Unarmed Combat
 + Level 3.4 Spellcasting
 + Level 3.7 Transmutations


You had 8 spell levels left.
You knew the following spells:

 Your Spells              Type           Power        Failure   Level
a - Beastly Appendage     Tmut           22%          4%          1
b - Wereblood             Tmut           11%          7%          2

Your spell library contained the following spells:

 Spells                   Type           Power        Failure   Level
 Spider Form              Tmut/Pois      3%           30%         3
 Ice Form                 Ice/Tmut       7%           71%         4
 Blade Hands              Tmut           5%           78%         5


Dungeon Overview and Level Annotations

Branches:
Dungeon (3/15)

Altars:


Innate Abilities, Weirdness & Mutations

Your plain brown scales are hard. (AC +6)
You cannot fit into any form of body armour.
You are cold-blooded and may be slowed by cold attacks.
You have a pair of horns on your head.
You have razor-sharp toenails.


Message History

You hit the killer bee.
You kill the killer bee!
The killer bee stings you.
* * * LOW HITPOINT WARNING * * *
It was a potion of flight.
You feel very buoyant.
You fly up into the air.
The killer bee completely misses you. The killer bee stings you.
* * * LOW HITPOINT WARNING * * *
It was a potion of berserk rage.
A red film seems to cover your vision as you go berserk!
You feel yourself moving faster!
You feel mighty!
You feel sick.
The killer bee stings you but does no damage.
The killer bee barely misses you.
You are too berserk!
You closely miss the killer bee. You claw the killer bee.
The killer bee is moderately wounded.
Your transformation is almost over.
The killer bee stings you!
You die...

........(.#..........
.######.#.......#####
#.#.#.......... ##
#.#.#.....##### ... #.#
#.........# ...
#######.###..##.###.# . ..
................#....
....#?###########.###..##......
..........yyyy@.............###
.......############..#.##......
y...... #..#.###.#### y......
#..#.# #.# ###+#.# #..#'###.#
#. #.>..<...#### #.
#..........). #.
#.#.......##### #.#.......#


You could see 4 killer bees.

Vanquished Creatures
  Grinder (D:2)
  A killer bee (D:3)
  4 adders
  2 worms (D:2)
  2 dart slugs (D:2)
  3 leopard geckos
  4 orcs (D:2)
  5 giant cockroaches
  8 hobgoblins
  4 jackals (D:2)
  13 kobolds
  2 quokkas
  5 bats
  7 frilled lizards
  4 goblins
  2 rats
67 creatures vanquished.

Notes
Turn   | Place    | Note
-------+----------+-------------------------------------------
     0 | D:1      | Eurus the Draconian Transmuter began the quest for the Orb.
     0 | D:1      | Reached XP level 1. HP: 16/16 MP: 3/3
   385 | D:1      | Reached XP level 2. HP: 21/23 MP: 3/5
   397 | D:1      | Learned a level 2 spell: Wereblood
  1246 | D:2      | Reached XP level 3. HP: 27/28 MP: 4/6
  1644 | D:2      | Reached skill level 4 in Unarmed Combat
  1803 | D:2      | Reached XP level 4. HP: 34/35 MP: 5/7
  2376 | D:3      | Noticed Grinder
  2383 | D:3      | Paralysed by Grinder for 4 turns
  2393 | D:2      | Paralysed by Grinder for 3 turns
  2403 | D:2      | Paralysed by Grinder for 7 turns
  2410 | D:2      | HP: 1/35 [Grinder (1)]
  2412 | D:2      | Killed Grinder
  2413 | D:2      | Reached skill level 5 in Unarmed Combat
  2413 | D:2      | Reached XP level 5. HP: 2/40 MP: 8/10
  2413 | D:2      | Reached XP level 6. HP: 2/47 MP: 8/11
  2857 | D:3      | Slain by a killer bee

Illustrated notes

Levels and vault maps discovered:
D:1:      zelgadis_glass_arrival_small, layout_basic, minmay_pentomino_u2
D:2:      layout_loops_ring
D:3:      layout_basic, feat_on_display, uniq_grinder

Skill      XL: |  1  2  3  4 |
---------------+-------------+-----
Unarmed Combat | 4 5 |  5.4
Spellcasting   | 3 |  3.4
Transmutations | 3 |  3.7
Fighting       | |  1.3
Dodging        | |  1.9

Action                   |  1- 3 |  4- 6 || total
-------------------------+-------+-------++-------
Melee: Unarmed           |   145 |    91 ||   236
       Tailslap          |    14 |     7 ||    21
       Kick              |    12 |    16 ||    28
       Headbutt          |     5 |     5 ||    10
       Punch             |     2 |     1 ||     3
 Cast: Beastly Appendage |    15 |    11 ||    26
       Wereblood         |     1 |     2 ||     3
  Use: Potion            |       |     2 ||     2
 Stab: Sleeping          |     3 |     1 ||     4
Armor: Skin              |    50 |    33 ||    83
Dodge: Dodged            |   114 |    65 ||   179
